2771 views
Uploaded 2020-03-11 22:22:07
Game version 1.32.2
12:12 long 2on2 ladder game on (4)FurbolgMountain
Saved by BEARAND
2771 views
Uploaded 2020-03-11 22:22:07
Game version 1.32.2
12:12 long 2on2 ladder game on (4)FurbolgMountain


40 units @ 3.3k
/ 0.2k
66 buildings @ 5.3k
/ 2.8k


| Potion of Healing | 3 | 450 |
| Scroll of Regeneration | 1 | 100 |
| Staff of Teleportation | 1 | 150 |
| Boots of Speed | 1 | 250 |
| Healing Salve | 1 | 100 |
| total: | 7 | 1050g |
| Peasant | 20 | 1500 | / | 0 |
| total: | 20 | 1500g | / | 0w |
| Scout Tower | 33 | 990 | / | 660 |
| Arcane Tower | 2 | 140 | / | 100 |
| Guard Tower | 19 | 1330 | / | 950 |
| Altar of Kings | 1 | 180 | / | 50 |
| Farm | 5 | 400 | / | 100 |
| Lumber Mill | 1 | 120 | / | 0 |
| Arcane Vault | 1 | 130 | / | 30 |
| Town Hall | 1 | 385 | / | 205 |
| Arcane Sanctum | 1 | 150 | / | 140 |
| Keep | 1 | 320 | / | 210 |
| Castle | 1 | 360 | / | 210 |
| total: | 43 | 2355g | / | 1185w |
| 0:02 | Peasant |
| 0:02 | Peasant |
| 0:02 | Peasant |
| 0:06 | Altar of Kings |
| 0:16 | Peasant |
| 0:19 | Farm |
| 0:21 | Peasant |
| 0:30 | Peasant |
| 0:41 | Farm |
| 0:51 | Peasant |
| 0:55 | Lumber Mill |
| 0:56 | Peasant |
| 0:59 | Scout Tower |
| 1:20 | Farm |
| 1:38 | Peasant |
| 1:43 | Arcane Tower |
| 1:45 | Scout Tower |
| 2:02 | Peasant |
| 2:22 | Blizzard |
| 2:23 | Guard Tower |
| 2:24 | Scout Tower |
| 2:29 | Scout Tower |
| 2:30 | Peasant |
| 2:30 | Peasant |
| 2:51 | Guard Tower |
| 2:54 | Peasant |
| 2:55 | Peasant |
| 2:57 | Scout Tower |
| 2:58 | Scout Tower |
| 3:05 | Peasant |
| 3:05 | Peasant |
| 3:14 | Arcane Vault |
| 3:55 | Brilliance Aura |
| 4:01 | Guard Tower |
| 4:20 | Guard Tower |
| 4:51 | Keep |
| 5:02 | Improved Masonry |
| 5:04 | Farm |
| 5:04 | Farm |
| 5:07 | Scout Tower |
| 5:08 | Scout Tower |
| 5:09 | Scout Tower |
| 5:21 | Staff of Teleportation |
| 5:21 | Boots of Speed |
| 5:32 | Scout Tower |
| 5:33 | Scout Tower |
| 5:33 | Scout Tower |
| 5:38 | Arcane Tower |
| 5:38 | Guard Tower |
| 5:40 | Scout Tower |
| 5:45 | Scout Tower |
| 5:47 | Scout Tower |
| 5:53 | Scout Tower |
| 5:53 | Scout Tower |
| 6:02 | Guard Tower |
| 6:04 | Scout Tower |
| 6:04 | Scout Tower |
| 6:16 | Blizzard |
| 6:43 | Guard Tower |
| 6:45 | Guard Tower |
| 6:48 | Town Hall |
| 6:53 | Healing Salve |
| 7:41 | Guard Tower |
| 8:13 | Guard Tower |
| 8:14 | Scout Tower |
| 8:15 | Scout Tower |
| 8:16 | Scout Tower |
| 8:32 | Advanced Masonry |
| 8:48 | Storm Bolt |
| 9:18 | Guard Tower |
| 9:18 | Scout Tower |
| 9:21 | Arcane Sanctum |
| 9:26 | Guard Tower |
| 9:27 | Peasant |
| 9:27 | Peasant |
| 10:08 | Castle |
| 10:12 | Bash |
| 10:18 | Potion of Healing |
| 10:21 | Scroll of Regeneration |
| 10:22 | Guard Tower |
| 10:23 | Scout Tower |
| 10:24 | Scout Tower |
| 10:26 | Scout Tower |
| 10:26 | Scout Tower |
| 10:27 | Scout Tower |
| 10:27 | Scout Tower |
| 10:29 | Brilliance Aura |
| 10:54 | Potion of Healing |
| 10:54 | Potion of Healing |
| 11:20 | Scout Tower |
| 11:21 | Scout Tower |
| 11:21 | Scout Tower |
| 11:21 | Scout Tower |
| 11:23 | Guard Tower |
| 11:49 | Guard Tower |
| 11:51 | Peasant |
| 11:51 | Peasant |
| 11:54 | Guard Tower |
| Right click | 1115 |
| Select | 313 |
| Select group | 255 |
| Build/train/purchase | 98 |
| Use ability | 29 |
| Assign group | 13 |
| Misc. action | 12 |
| Chat | 10 |
| Minimap ping | 6 |
| Item give/drop | 1 |
| Remove unit | 1 |


| Healing Salve | 2 | 200 |
| Lesser Clarity Potion | 4 | 280 |
| Orb of Lightning | 1 | 375 |
| Boots of Speed | 1 | 250 |
| Staff of Teleportation | 1 | 150 |
| total: | 9 | 1255g |
| Peon | 16 | 1200 | / | 0 |
| Troll Batrider | 4 | 640 | / | 160 |
| total: | 20 | 1840g | / | 160w |
| Watch Tower | 14 | 1540 | / | 1120 |
| Altar of Storms | 1 | 180 | / | 50 |
| Orc Burrow | 4 | 640 | / | 160 |
| War Mill | 1 | 205 | / | 0 |
| Voodoo Lounge | 1 | 130 | / | 30 |
| Beastiary | 2 | 290 | / | 280 |
| Stronghold | 1 | 315 | / | 190 |
| Fortress | 1 | 325 | / | 190 |
| total: | 23 | 2985g | / | 1640w |
| 0:03 | Peon |
| 0:03 | Peon |
| 0:05 | Altar of Storms |
| 0:06 | Peon |
| 0:11 | Orc Burrow |
| 0:35 | Peon |
| 0:47 | War Mill |
| 0:53 | Peon |
| 1:02 | Voodoo Lounge |
| 1:10 | Peon |
| 1:18 | Peon |
| 1:27 | Peon |
| 1:40 | Peon |
| 1:57 | Orc Burrow |
| 2:03 | Watch Tower |
| 2:06 | Wind Walk |
| 2:09 | Healing Salve |
| 2:09 | Lesser Clarity Potion |
| 2:09 | Lesser Clarity Potion |
| 2:13 | Peon |
| 2:20 | Peon |
| 2:29 | Peon |
| 3:03 | Peon |
| 3:03 | Peon |
| 3:03 | Peon |
| 3:05 | Spiked Barricades |
| 3:10 | Watch Tower |
| 3:15 | Watch Tower |
| 3:39 | Peon |
| 4:02 | Boots of Speed |
| 4:02 | Staff of Teleportation |
| 4:35 | Stronghold |
| 4:44 | Watch Tower |
| 5:05 | Watch Tower |
| 5:08 | Watch Tower |
| 5:20 | Watch Tower |
| 5:38 | Critical Strike |
| 6:06 | Orc Burrow |
| 6:08 | Orc Burrow |
| 6:58 | Fortress |
| 7:15 | Beastiary |
| 7:21 | Lesser Clarity Potion |
| 7:40 | Watch Tower |
| 7:42 | Watch Tower |
| 8:09 | Hex |
| 8:15 | Wind Walk |
| 8:35 | Watch Tower |
| 8:36 | Watch Tower |
| 8:36 | Watch Tower |
| 8:39 | Watch Tower |
| 8:40 | Watch Tower |
| 9:22 | Troll Batrider |
| 9:22 | Troll Batrider |
| 9:37 | Orb of Lightning |
| 10:29 | Healing Salve |
| 10:29 | Lesser Clarity Potion |
| 10:34 | Reinforced Defenses |
| 11:08 | Troll Batrider |
| 11:09 | Troll Batrider |
| 11:19 | Beastiary |
| 11:49 | Healing Wave |
| Right click | 883 |
| Select group | 270 |
| Select | 75 |
| Build/train/purchase | 65 |
| Minimap ping | 24 |
| Chat | 20 |
| Misc. action | 11 |
| Use ability | 11 |
| Assign group | 8 |
| Item give/drop | 2 |
| Esc | 1 |
63 units @ 7.8k
/ 0.5k
26 buildings @ 3.3k
/ 1.3k

| Rod of Necromancy | 1 | 150 |
| total: | 1 | 150g |
| Acolyte | 3 | 225 | / | 0 |
| Ghoul | 17 | 2040 | / | 0 |
| Necromancer | 11 | 1595 | / | 220 |
| total: | 31 | 3860g | / | 220w |
| Crypt | 1 | 200 | / | 50 |
| Ziggurat | 4 | 600 | / | 200 |
| Graveyard | 1 | 215 | / | 0 |
| Altar of Darkness | 1 | 180 | / | 50 |
| Tomb of Relics | 1 | 130 | / | 30 |
| Temple of the Damned | 2 | 310 | / | 280 |
| Slaughterhouse | 2 | 280 | / | 270 |
| Halls of the Dead | 1 | 320 | / | 210 |
| total: | 12 | 1915g | / | 880w |
| 0:03 | Acolyte |
| 0:13 | Crypt |
| 0:16 | Ziggurat |
| 0:29 | Graveyard |
| 0:38 | Acolyte |
| 1:00 | Altar of Darkness |
| 1:13 | Ghoul |
| 1:24 | Ghoul |
| 1:43 | Ziggurat |
| 2:00 | Tomb of Relics |
| 2:33 | Halls of the Dead |
| 2:43 | Ghoul |
| 2:54 | Ghoul |
| 3:06 | Carrion Beetles |
| 3:13 | Ghoul |
| 3:22 | Ghoul |
| 3:44 | Ghoul |
| 3:59 | Ziggurat |
| 4:13 | Ghoul |
| 4:19 | Ghoul |
| 4:32 | Ghoul |
| 4:57 | Ghoul |
| 5:02 | Temple of the Damned |
| 5:06 | Temple of the Damned |
| 5:08 | Ghoul |
| 5:16 | Spiked Carapace |
| 5:30 | Ziggurat |
| 5:38 | Rod of Necromancy |
| 5:59 | Cannibalize |
| 6:04 | Necromancer |
| 6:09 | Necromancer |
| 6:23 | Ghoul |
| 6:33 | Necromancer Adept Training |
| 6:45 | Necromancer |
| 6:58 | Carrion Beetles |
| 7:05 | Skeletal Mastery |
| 7:10 | Necromancer |
| 7:30 | Ghoul |
| 7:36 | Necromancer |
| 7:53 | Necromancer |
| 8:47 | Ghoul |
| 8:47 | Ghoul |
| 8:50 | Necromancer |
| 8:54 | Necromancer |
| 9:15 | Ghoul |
| 9:19 | Necromancer |
| 9:19 | Necromancer |
| 10:54 | Acolyte |
| 11:02 | Slaughterhouse |
| 11:13 | Slaughterhouse |
| 11:52 | Necromancer |
| Select | 191 |
| Right click | 154 |
| Misc. action | 72 |
| Build/train/purchase | 50 |
| Use ability | 2 |
| Remove unit | 1 |

| Peasant | 19 | 1425 | / | 0 |
| Footman | 3 | 405 | / | 0 |
| Rifleman | 7 | 1435 | / | 210 |
| Goblin Zeppelin | 1 | 240 | / | 60 |
| Forest Troll Shadow Priest | 2 | 390 | / | 20 |
| total: | 32 | 3895g | / | 290w |
| Scout Tower | 3 | 90 | / | 60 |
| Arcane Tower | 3 | 210 | / | 150 |
| Guard Tower | 1 | 70 | / | 50 |
| Farm | 5 | 400 | / | 100 |
| Altar of Kings | 1 | 180 | / | 50 |
| Barracks | 2 | 320 | / | 120 |
| Lumber Mill | 1 | 120 | / | 0 |
| Arcane Vault | 1 | 130 | / | 30 |
| Blacksmith | 1 | 140 | / | 60 |
| total: | 14 | 1380g | / | 420w |
| 0:04 | Peasant |
| 0:04 | Peasant |
| 0:12 | Farm |
| 0:14 | Altar of Kings |
| 0:22 | Farm |
| 0:24 | Barracks |
| 0:34 | Peasant |
| 0:48 | Peasant |
| 0:57 | Peasant |
| 1:12 | Lumber Mill |
| 1:19 | Peasant |
| 1:26 | Footman |
| 1:43 | Scout Tower |
| 1:45 | Footman |
| 1:51 | Farm |
| 1:57 | Peasant |
| 2:09 | Peasant |
| 2:16 | Summon Water Elemental |
| 2:21 | Arcane Tower |
| 2:24 | Peasant |
| 2:29 | Arcane Vault |
| 3:08 | Peasant |
| 3:10 | Scout Tower |
| 3:50 | Peasant |
| 3:54 | Blacksmith |
| 3:56 | Peasant |
| 4:07 | Scout Tower |
| 4:18 | Guard Tower |
| 4:20 | Farm |
| 4:22 | Peasant |
| 4:22 | Peasant |
| 4:35 | Footman |
| 4:39 | Brilliance Aura |
| 4:46 | Arcane Tower |
| 4:50 | Farm |
| 5:03 | Barracks |
| 5:21 | Forest Troll Shadow Priest |
| 5:32 | Peasant |
| 5:32 | Peasant |
| 5:32 | Peasant |
| 5:33 | Rifleman |
| 6:41 | Rifleman |
| 6:43 | Rifleman |
| 6:44 | Summon Water Elemental |
| 7:12 | Forest Troll Shadow Priest |
| 7:23 | Peasant |
| 7:24 | Peasant |
| 7:25 | Rifleman |
| 7:38 | Rifleman |
| 10:19 | Rifleman |
| 10:30 | Goblin Zeppelin |
| 11:18 | Rifleman |
| 11:32 | Brilliance Aura |
| Right click | 395 |
| Select | 235 |
| Select group | 158 |
| Build/train/purchase | 94 |
| Misc. action | 52 |
| Assign group | 25 |
| Use ability | 7 |
| Esc | 2 |
| Minimap ping | 1 |